 Dungeon Crawl Stone Soup version 0.29-a0-234-g0dae59b3db (webtiles) character file.

Game seed: 9581139406400145089

884 Grim the Destroyer (level 7, -3/36 HPs)
             Began as a Deep Elf Conjurer on Mar 2, 2022.
             Was an Initiate of Sif Muna.
             Slain by a sky beast (5 damage)
             ... on level 4 of the Dungeon.
             The game lasted 00:10:54 (6322 turns).

Grim the Destroyer (Deep Elf Conjurer)              Turns: 6322, Time: 00:10:55

Health: -3/36      AC:  3    Str:  6    XL:     7   Next: 76%
Magic:  8/13       EV: 12    Int: 23    God:    Sif Muna [......]
Gold:   177        SH:  0    Dex: 13    Spells: 5/12 levels left

rFire   . . .      SeeInvis .   (no weapon)
rCold   . . .      Faith    .   (no shield)
rNeg    + . .      Spirit   .   a - +0 robe
rPois   .          Reflect  .   h - +0 helmet
rElec   .          Harm     .   (no cloak)
rCorr   .          Rampage  .   (no gloves)
Will    +....                   (no boots)
Stlth   ++........              (no amulet)
HPRegen 0.12/turn               f - ring of willpower
MPRegen 0.13/turn               g - ring of positive energy

@: no status effects
A: no striking features
a: Renounce Religion


You were on level 4 of the Dungeon.
You worshipped Sif Muna.
Sif Muna was noncommittal.
You visited 2 branches of the dungeon, and saw 6 of its levels.

You collected 177 gold pieces.

Inventory:

Armour
 a - a +0 robe (worn)
 h - a +0 helmet (worn)
Jewellery
 f - a ring of willpower (left hand)
 g - a ring of positive energy (right hand)
 o - a +6 ring of strength
 w - a +6 ring of dexterity
Scrolls
 c - 2 scrolls of teleportation {unknown}
 d - 7 scrolls of amnesia {unknown}
 j - 5 scrolls of identify {unknown}
 l - a scroll of noise {unknown}
 n - a scroll of brand weapon {unknown}
 q - a scroll of enchant armour {unknown}
 r - a scroll of silence {unknown}
 s - a scroll of fear {unknown}
 t - a scroll of enchant weapon {unknown}
 v - a scroll of fog {unknown}
Potions
 b - 3 potions of lignification {unknown}
 e - 3 potions of curing {unknown}
 i - 2 potions of heal wounds {unknown}
 k - a potion of ambrosia {unknown}
 m - a potion of degeneration {unknown}
 p - a potion of flight {unknown}
 u - a potion of cancellation {unknown}
 x - a potion of attraction {unknown}


   Skills:
 - Level 2.4 Dodging
 - Level 2.4 Stealth
 - Level 3.0 Spellcasting
 + Level 9.3 Conjurations
 + Level 5.9 Hexes


You had 5 spell levels left.
You knew the following spells:

 Your Spells              Type           Power      Damage    Failure   Level
a - Magic Dart            Conj           100%       1d8       1%          1
b - Searing Ray           Conj           92%        2d7       1%          2
c - Fulminant Prism       Conj/Hex       19%        3d11      4%          4

Your spell library contained the following spells:

 Spells                   Type           Power      Damage    Failure   Level
 Dazzling Flash           Conj/Hex       76%        N/A       1%          3
 Iskenderun's Mystic Bla  Conj/Tloc      25%        2d7       17%         4


Dungeon Overview and Level Annotations

Branches:
Dungeon (5/15)             Temple (1/1) D:5

Altars:
Ashenzari
Cheibriados
Dithmenos
Elyvilon
Fedhas
Gozag
Hepliaklqana
Kikubaaqudgha
Makhleb
Nemelex Xobeh
Okawaru
Qazlal
Sif Muna
Uskayaw
Xom
Yredelemnul
Zin
The Shining One

Annotations:
D:3 3 runed translucent doors, raistware's ghost, amateur DgIE


Message History

Something hits you. Something shocks you.
There is a stone staircase leading up, spattered with blood here.
Casting: Searing Ray (safe; 1% risk of failure)
Confirm with . or Enter, or press ? or * to list all spells.
You can't see any susceptible monsters within range! (Use Z to cast anyway.)
Something hits you. Something shocks you.
* * * LOW HITPOINT WARNING * * *
You climb upwards.
Reactivating autopickup.
There is a stone staircase leading down here.
Unknown command.
You start resting.
Something hits you but does no damage.
Deactivating autopickup; reactivate with Ctrl-A.
You start resting.
Something hits you.
* * * LOW HITPOINT WARNING * * *
Something shocks you.
* * * LOW HITPOINT WARNING * * *
Something hits you but does no damage. Something completely misses you.
There is a large open door here.
There is a large open door here.
Casting: Searing Ray (safe; 1% risk of failure)
Confirm with . or Enter, or press ? or * to list all spells.
Aiming: Searing Ray (safe; 1% risk of failure)
Press: ? - help, Shift-Dir - straight line The searing ray hits something! (Press . to maintain the ray.)
Something hits you but does no damage. Something hits you but does no damage.
Something hits you.
* * * LOW HITPOINT WARNING * * *
Something shocks you.
* * * LOW HITPOINT WARNING * * *
Unknown command.
The searing ray hits something!
You finish channelling your searing ray.
Something hits you.
* * * LOW HITPOINT WARNING * * *
Something shocks you.
You die...

#.....#.#
#.....#.###############
#.....#...............#######
#.....#.....................#
......#...............#####.#
......................# #.#
#....###..............# #.#
#....###..............# #.#
...†............@.....# #.#
...>......######{###### #.#
....>.....######'###### #.#
##########)...........# #.#
##########............# #.#
......................# #.#
......)..>............# #.#
##########............# #.#
............###.####### #.#


There were no monsters in sight!

Vanquished Creatures
  Edmund (D:4)
  2 ogres
  3 scorpions
  A crimson imp (D:4)
  4 orc priests
  Jessica (D:3)
  An iguana (D:5)
  3 orc wizards
  3 adders
  A white imp (D:4)
  A worm (D:2)
  5 dart slugs
  13 orcs
  6 ball pythons
  8 endoplasms
  10 goblins
  6 hobgoblins
  9 jackals
  5 quokkas
  2 bats
  A frilled lizard (D:3)
  7 kobolds
  4 rats
97 creatures vanquished.

Vanquished Creatures (others)
  2 fulminant prisms
  3 fungi (D:3)
  A plant (D:3)
6 creatures vanquished.

Grand Total: 103 creatures vanquished

Notes
Turn   | Place    | Note
-------+----------+-------------------------------------------
     0 | D:1      | Grim the Deep Elf Conjurer began the quest for the Orb.
     0 | D:1      | Reached XP level 1. HP: 10/10 MP: 6/6
   145 | D:1      | You fall into a shaft and drop 1 floor!
   220 | D:2      | Reached XP level 2. HP: 15/15 MP: 5/8
   223 | D:2      | Learned a level 2 spell: Searing Ray
   280 | D:2      | Reached skill level 5 in Conjurations
   959 | D:1      | Reached XP level 3. HP: 19/19 MP: 7/9
  1424 | D:1      | Found a faded altar of an unknown god.
  2239 | D:2      | Reached skill level 6 in Conjurations
  2404 | D:3      | Noticed an ogre
  2410 | D:3      | Killed an ogre
  2411 | D:3      | Reached skill level 7 in Conjurations
  2411 | D:3      | Reached XP level 4. HP: 24/24 MP: 2/10
  2411 | D:3      | Reached XP level 5. HP: 28/28 MP: 2/11
  2576 | D:3      | Found an opulent altar of Gozag.
  2685 | D:3      | Found a white marble altar of Elyvilon.
  2690 | D:3      | Found an iron altar of Okawaru.
  2695 | D:3      | Found a shadowy altar of Dithmenos.
  2855 | D:3      | Noticed Jessica
  2857 | D:3      | Killed Jessica
  3133 | D:3      | Learned a level 4 spell: Fulminant Prism
  3288 | D:3      | Found a broken altar of Ashenzari.
  3427 | D:3      | Found a runed translucent gate.
  3428 | D:3      | Found a runed translucent gate.
  3428 | D:3      | Noticed raistware's ghost (amateur DgIE)
  3429 | D:3      | Found a runed translucent gate.
  3677 | D:4      | Noticed an ogre
  3956 | D:4      | Reached skill level 1 in Hexes
  4097 | D:4      | Reached XP level 6. HP: 18/32 MP: 7/12
  4104 | D:4      | Reached skill level 8 in Conjurations
  4524 | D:4      | Noticed Edmund
  4533 | D:4      | Killed Edmund
  4843 | D:4      | Reached XP level 7. HP: 18/36 MP: 8/13
  5553 | D:5      | Entered Level 5 of the Dungeon
  5697 | D:5      | Found a staircase to the Ecumenical Temple.
  5704 | Temple   | Entered the Ecumenical Temple
  5851 | Temple   | Became a worshipper of Sif Muna the Loreminder
  5868 | D:5      | Reached skill level 9 in Conjurations
  5868 | D:5      | Reached skill level 5 in Hexes
  6322 | D:4      | Slain by a sky beast

Illustrated notes

Levels and vault maps discovered:
D:1:      saegor_arrival_simple_b, layout_loops_ring,
          shapermc_ecumenical_altar_acropolis
D:2:      layout_basic
D:3:      layout_loops_ring, nicolae_gozag_seed_capital, general_overflow_altar,
          minitemple, gammafunk_ghost_nasty_kobolds, nrook_loot_triangle,
          uniq_jessica
D:4:      cheibrodos_pilgrimage, layout_basic, minmay_fire_ice_demons,
          uniq_edmund
D:5:      layout_gridville, minmay_temple_entry_ruins, serial_bayou_crossing
Temple:   dshaligram_water_room_temple

Skill      XL: |  1  2  3  4  5  6  7 |
---------------+----------------------+-----
Conjurations   | 5 7 8 9 |  9.3
Hexes          | 1 4 5 |  5.9
Dodging        | |  2.4
Stealth        | |  2.4
Spellcasting   | |  3.0

Action                   |  1- 3 |  4- 6 |  7- 9 || total
-------------------------+-------+-------+-------++-------
 Cast: Magic Dart        |    62 |    90 |    30 ||   182
       Searing Ray       |     5 |     3 |     8 ||    16
       Fulminant Prism   |       |     1 |     1 ||     2
Armor: Robe              |     2 |       |     8 ||    10
Dodge: Dodged            |     6 |     8 |     7 ||    21

Table legend: (Time is in decaauts)
 A = Elapsed time spent in this place.
 B = Non-inter-level travel time spent in this place.
 C = Inter-level travel time spent in this place.
 D = Time resting spent in this place.
 E = Time spent auto-exploring this place.
 F = Levels seen in this place.
 G = Mean time per level.
                   A        B        C        D        E       F      G
               +--------+--------+--------+--------+--------+-----+--------+
         Total |   6326 |   6040 |    286 |   2430 |   2927 |   6 | 1054.3 |
       Dungeon |   6169 |   5892 |    277 |   2430 |   2827 |   5 | 1233.8 |
        Temple |    156 |    147 |      9 |      0 |    100 |   1 |  156.0 |
               +--------+--------+--------+--------+--------+-----+--------+

Top non-repeatable levels by time:
     D:4: 2032 daAuts
     D:3: 1456 daAuts
     D:2: 1322 daAuts
     D:1: 1080 daAuts
     D:5: 277 daAuts
  Temple: 156 daAuts
